Map: Washout LE

Players

SpearOfAdun

  • Race: Terran Terran

A.I. 2 (Elite) - Winner!

  • Race: Zerg Zerg

VOD

Have the link to the VOD?

Description

Time

  • Played on: Sept. 3, 2026, 10:38 a.m.
  • Length: 6:47
Show
View Real Time Build Order
Export as new Build Order

SpearOfAdun Terran 

Build Orders:  

Get SALT Encoding   

  8  0:00  SCV  
  9  0:12  SCV  
  10  0:24  SCV  
  11  0:31  Supply Depot  
  11  0:37  SCV  
  12  0:49  SCV  
  13  0:54  Barracks  
  13  1:02  Refinery  
  13  1:05  SCV  
  14  1:17  SCV  
  15  1:32  SCV  
  16  1:44  Orbital Command  
  16  1:45  Barracks Reactor  
  16  1:59  Command Center  
  16  2:10  SCV  
  17  2:16  Barracks  
  17  2:24  Marine x2  
  17  2:29  Supply Depot  
  19  2:33  SCV  
  20  2:44  Factory  
  20  2:49  SCV  
  21  2:51  Marine  
  21  2:52  Marine  
  23  2:59  Refinery  
  23  3:03  SCV  
  24  3:05  Barracks Tech Lab  
  24  3:15  Orbital Command  
  24  3:18  SCV  
  25  3:25  Stimpack  
  25  3:30  Marine x2  
  25  3:33  SCV  
  28  3:42  Starport  
  28  3:45  Factory Reactor  
  28  3:47  SCV  
  29  3:56  Bunker  
  29  3:59  SCV x2  
  29  4:00  Marine  
  32  4:05  Marine x2  
  34  4:11  SCV  
  34  4:14  SCV  
  36  4:19  Supply Depot  
  36  4:23  SCV  
  37  4:28  Medivac x2  
  37  4:31  Marine  
  42  4:40  Marine x2, SCV x2  
  42  4:43  Supply Depot  
  46  4:48  Marine  
  46  4:52  SCV  
  48  4:54  SCV  
  48  4:58  Marine  
  48  4:59  Refinery  
  50  5:05  Marine, Medivac x2, SCV  
  50  5:06  Marine  
  57  5:08  Supply Depot  
  57  5:12  SCV  
  58  5:16  Refinery  
  58  5:18  Combat Shield  
  58  5:23  Factory Tech Lab  
  58  5:24  Barracks  
  58  5:29  Marine  
  58  5:30  Engineering Bay  
  58  5:31  Marine  
  58  5:32  Marine  
  58  5:33  Supply Depot  
  61  5:43  Siege Tank  
  61  5:45  SCV  
  61  5:47  Marine  
  66  5:52  Starport Reactor  
  66  5:54  Marine x2  
  66  5:55  SCV  
  66  5:56  Supply Depot  
  69  6:05  Marine  
  69  6:09  SCV  
  71  6:11  Supply Depot  
  74  6:19  SCV  
  74  6:22  Supply Depot  
  74  6:25  Marine x3  
  75  6:26  Marine  
Show
View Real Time Build Order
Export as new Build Order

A.I. 2 (Elite) Zerg - Winner!

Build Orders: Pool First 

Get SALT Encoding   

  8  0:00  Drone  
  9  0:11  Drone  
  10  0:16  Drone  
  11  0:22  Drone  
  12  0:34  Overlord  
  12  0:52  Drone  
  12  0:53  Drone x2  
  15  1:02  Drone  
  16  1:11  Spawning Pool  
  15  1:13  Drone  
  16  1:22  Drone  
  17  1:38  Hatchery  
  16  1:42  Drone  
  16  1:45  Extractor  
  16  1:48  Drone  
  16  1:52  Drone  
  18  2:02  Drone  
  19  2:11  Overlord  
  19  2:22  Drone  
  20  2:29  Queen  
  22  2:32  Zergling x2  
  23  2:41  Drone  
  24  2:50  Queen, Drone  
  27  3:02  Roach Warren  
  27  3:05  Drone  
  27  3:08  Extractor  
  27  3:10  Drone  
  27  3:17  Overlord  
  27  3:20  Drone  
  27  3:23  Drone  
  27  3:26  Drone  
  30  3:29  Drone  
  30  3:32  Drone  
  32  3:35  Zergling x2  
  32  3:41  Zergling x2  
  34  3:43  Roach  
  34  3:48  Roach  
  38  3:51  Roach  
  40  3:57  Overlord  
  40  4:11  Lair  
  40  4:15  Drone x2, Roach  
  40  4:16  Metabolic Boost  
  44  4:21  Drone  
  45  4:24  Drone  
  45  4:27  Drone  
  45  4:29  Drone  
  48  4:32  Overlord  
  48  4:51  Drone x5  
  48  4:52  Evolution Chamber, Drone  
  53  4:54  Drone  
  53  4:55  Evolution Chamber  
  53  4:56  Drone  
  54  5:05  Overlord  
  54  5:08  Roach  
  56  5:14  Infestation Pit  
  55  5:23  Overlord, Drone, Roach  
  55  5:25  Hydralisk Den, Drone  
  55  5:27  Drone  
  59  5:28  Drone  
  59  5:30  Drone  
  59  5:32  Drone  
  62  5:41  Drone, Roach  
  65  5:43  Overlord  
  65  5:45  Drone  
  65  5:46  Drone  
  65  5:48  Drone  
  68  5:51  Infestor  
  68  5:54  Hydralisk  
  72  6:01  Hydralisk, Extractor, Overlord, Drone  
  72  6:03  Extractor, Drone x2, Roach  
  77  6:05  Drone  
  78  6:12  Roach  
  80  6:19  Overlord, Roach  
  80  6:23  Drone x2  
  86  6:31  Baneling Nest  
  84  6:38  Hatchery  
Tags
 
Add a new tag
Caveats
  • Supply blocks, unpowered buildings, or Contaminate may cause inaccurate times.
  • Supply counts are checked every 10 seconds.